 Dungeon Crawl Stone Soup version 0.17-a0-896-g249456b (webtiles) character file.

7303 raph the Cudgeler (level 10, -2/84 HPs)
             Began as a Yellow Draconian Ice Elementalist on May 1, 2015.
             Was a Priest of Sif Muna.
             Slain by a skeletal warrior
             ... wielding a +0 hand axe
              (6 damage)
             ... on level 9 of the Dungeon.
             The game lasted 00:48:13 (13575 turns).

raph the Cudgeler (DrIE)                           Turns: 13575, Time: 00:48:14

Health: -2/84      AC: 18    Str: 13    XL:     10   Next: 90%
Magic:  5/18       EV: 16    Int: 15    God:    Sif Muna [***...]
Gold:   461        SH:  0    Dex: 18    Spells: 7 memorised, 1 level left

rFire  . . .     SeeInvis .     z - +1 morningstar (protect)
rCold  . . .     Clarity  .     (armour unavailable)
rNeg   . . .     SustAb   +     (no shield)
rPois  .         Gourm    .     (helmet restricted)
rElec  .         Spirit   .     t - +1 cloak
rCorr  +         Warding  .     D - +1 pair of gloves
rMut   .         Stasis   .     x - +1 pair of boots
MR     .....                    (no amulet)
Stlth  ++........               C - ring of sustain abilities
                                q - +5 ring of dexterity

@: very slightly contaminated, not resistant to hostile enchantments, unstealthy
A: spit acid, acid resistance, unfitting armour, cold-blooded, AC +7
a: Spit Acid, Channel Energy, Forget Spell, Renounce Religion


You were on level 9 of the Dungeon.
You worshipped Sif Muna.
Sif Muna was most pleased with you.
You were hungry.

You visited 1 branch of the dungeon, and saw 9 of its levels.

You collected 461 gold pieces.

Inventory:

Hand weapons
 d - a +1 whip of venom
 i - a +0 flail of holy wrath
 z - a +1 morningstar of protection (weapon)
 M - a +1 flail of venom
Missiles
 w - 7 javelins of penetration (quivered)
 y - 2 tomahawks of returning
Armour
 l - a +1 buckler
 t - a +1 cloak (worn)
 x - a +1 pair of boots (worn)
 D - a +1 pair of gloves (worn)
Jewellery
 m - an uncursed ring of fire
 q - a +5 ring of dexterity (left hand)
 C - a ring of sustain abilities (right hand)
Magical devices
 p - a wand of heal wounds (0)
 v - a wand of confusion (9)
 B - a wand of random effects (19)
 E - a wand of draining (3)
 G - a wand of polymorph (16)
 L - a wand of draining (2)
 Q - a wand of slowing (16)
Scrolls
 e - a scroll of remove curse
 o - a scroll of blinking
 s - 3 scrolls of teleportation
Potions
 g - a potion of brilliance
 h - 2 potions of resistance
 j - 2 potions of curing
 r - 2 potions of heal wounds
 u - 2 potions of agility
 A - a potion of cancellation {unknown}
 F - a potion of berserk rage
 H - 2 potions of flight
 I - a potion of poison {unknown}
Books
 a - a book of Frost

   Spells                             Type                      Level
   a - Freeze                         Ice                          1
   b - Throw Frost                    Conjuration/Ice              2
   c - Ozocubu's Armour               Charms/Ice                   3
   d - Throw Icicle                   Conjuration/Ice              4
   e - Summon Ice Beast               Ice/Summoning                4
   f - Condensation Shield            Ice                          4
 J - a book of Minor Magic

   Spells                             Type                      Level
   a - Magic Dart                     Conjuration                  1
   b - Blink                          Translocation                2
   c - Call Imp                       Summoning                    2
   d - Repel Missiles                 Charms/Air                   2
   e - Slow                           Hexes                        2
   f - Conjure Flame                  Conjuration/Fire             3
   g - Mephitic Cloud                 Conjuration/Poison/Air       3
 K - a book of Conjurations

   Spells                             Type                      Level
   a - Magic Dart                     Conjuration                  1
   b - Searing Ray                    Conjuration                  2
   c - Dazzling Spray                 Conjuration/Hexes            3
   d - Fulminant Prism                Conjuration/Hexes            4
   e - Iskenderun's Mystic Blast      Conjuration                  4
   f - Iskenderun's Battlesphere      Conjuration/Charms           5
Comestibles
 b - 8 bread rations
 c - 5 meat rations
 f - 12 fruits
 k - 7 chunks of flesh
 O - 6 slices of pizza


   Skills:
 + Level 6.6 Fighting
 * Level 7.6 Maces & Flails
 + Level 6.1 Dodging
 - Level 1.7 Stealth
 + Level 5.7 Spellcasting
 + Level 5.3 Conjurations
 - Level 4.2 Charms
 - Level 2.5 Translocations
 - Level 6.9 Ice Magic
 + Level 2.2 Poison Magic
 + Level 1.6 Invocations


You had one spell level left.
You knew the following spells:

 Your Spells              Type           Power        Failure   Level  Hunger
a - Freeze                Ice            ####         1%          1    None
b - Throw Frost           Conj/Ice       ###...       1%          2    #......
c - Ozocubu's Armour      Chrm/Ice       ###.....     4%          3    ###....
d - Condensation Shield   Ice            ####......   12%         4    ####...
e - Throw Icicle          Conj/Ice       ###.....     14%         4    ####...
f - Blink                 Tloc           N/A          12%         2    #......
g - Mephitic Cloud        Conj/Pois/Air  ##......     21%         3    ###....


Dungeon Overview and Level Annotations

Branches:
Dungeon (9/15)             Temple (0/1) D:7
   Lair: D:8-11         Orc: D:9-12

Altars:
Ashenzari
Cheibriados
Dithmenos
Elyvilon
Gozag
Kikubaaqudgha
Makhleb
Okawaru
Sif Muna
Vehumet
Yredelemnul
The Shining One

Shops:
D:7 *


Innate Abilities, Weirdness & Mutations

You can spit globs of acid.
You are resistant to acid.
Your golden yellow scales are hard (AC +7).
Your body does not fit into most forms of armour.
You are cold-blooded and may be slowed by cold attacks.


Message History

* * * LOW HITPOINT WARNING * * *
Your icy armour evaporates.
Your icy shield evaporates.
The centaur warrior shoots an arrow.
The arrow hits you.
* * * LOW HITPOINT WARNING * * *
You see here an arrow.
The centaur warrior shoots an arrow.
The arrow closely misses you.
You see here an arrow.
The centaur warrior shoots an arrow.
The arrow closely misses you.
The centaur warrior shoots an arrow.
The arrow hits you!
* * * LOW HITPOINT WARNING * * *
The skeletal warrior hits you with a hand axe.
* * * LOW HITPOINT WARNING * * *
Casting: Throw Icicle
Confirm with . or Enter, or press ? or * to list all spells.
You miscast Ozocubu's Armour.
You are very lightly contaminated with residual magic.
You feel a strange surge of energy!
The skeletal warrior hits you with a hand axe.
You die...

##c# #...#,,>,,,,,,,,,,#......
,#(# #...#,,,,,,,#######.<....
,#(# #...+,,,,,,,#..........[.
##S######...#######+#............
..(........(.....................
..#####...c.(..........#####.....
..*,,,#..[.............#...#.....
..*,,,#........z.......#...+.....
..*,,,+......([.@(.....'...#.....
..**+*#.......###...#############
..,,..........# #...# #........#
..,,...######## #...####........#
,.,,...* #................
,,,,,..* #...####........#
,,,,,,,* #...# #........#
,,,,,,,* #...# ##########
******** #####


You could see a skeletal warrior and a centaur warrior.

Vanquished Creatures
  A hydra (D:8)
  Pikel (D:6)
  7 yaks (D:8)
  2 wraiths (D:7)
  A wyvern (D:9)
  The ghost of quik the Archer, an average CeHu of Makhleb (D:5)
  2 hippogriffs (D:8)
  2 orc warriors (D:8)
  A slave (D:6)
  An eye of draining (D:8)
  A phantom (D:8)
  3 ogres
  7 centaurs
  3 big kobolds (D:8)
  5 giant frogs
  A wyvern skeleton (D:8)
  A gnoll sergeant (D:4)
  2 scorpions
  Dowan (D:6)
  5 jellies
  5 wights (D:6)
  The ghost of Hanyuu the Insei, a weakling OpTm (D:3)
  A crimson imp (D:5)
  7 hounds
  A giant frog skeleton (D:7)
  6 human zombies (D:7)
  Ijyb (D:3)
  2 quasits (D:7)
  4 gnoll shamans (D:4)
  A human skeleton (D:7)
  2 iguanas
  3 orc priests
  5 orc wizards
  6 worker ants
  2 sheep (D:8)
  An ogre zombie (D:7)
  A hound skeleton (D:8)
  2 mummies (D:7)
  2 hound zombies
  2 worker ant zombies
  14 adders
  41 gnolls
  2 oozes
  2 adder skeletons
  5 worms
  4 giant geckos
  33 orcs
  A bat skeleton (D:7)
  4 giant cockroaches
  2 gnoll zombies (D:9)
  18 goblins
  20 hobgoblins
  13 kobolds
  3 quokkas
  7 bats
  3 giant newts
  2 giant spores
  14 jackals (D:4)
  A jackal zombie (D:4)
  17 rats
  2 ballistomycetes (D:5)
311 creatures vanquished.

Vanquished Creatures (others)
  A shadow (D:9)
  A slave (D:6)
2 creatures vanquished.

Grand Total: 313 creatures vanquished

Notes
Turn   | Place    | Note
--------------------------------------------------------------
     0 | D:1      | raph, the Draconian Ice Elementalist, began the quest for the Orb.
     0 | D:1      | Reached XP level 1. HP: 14/14 MP: 3/3
   318 | D:1      | Reached XP level 2. HP: 14/20 MP: 0/5
  1150 | D:1      | Reached skill level 4 in Ice Magic
  1243 | D:2      | Learned a level 2 spell: Throw Frost
  1822 | D:2      | Reached XP level 3. HP: 15/26 MP: 1/6
  2045 | D:3      | Noticed Ijyb
  2050 | D:3      | Reached skill level 5 in Ice Magic
  2050 | D:3      | Reached XP level 4. HP: 33/33 MP: 1/7
  2077 | D:3      | Killed Ijyb
  2170 | D:3      | Learned a level 3 spell: Ozocubu's Armour
  2262 | D:3      | Found a burning altar of Makhleb.
  2429 | D:3      | Reached XP level 5. HP: 36/39 MP: 2/8
  2589 | D:3      | Found a snail-covered altar of Cheibriados.
  2605 | D:3      | Reached skill level 1 in Fighting
  3212 | D:4      | Found a shattered altar of Ashenzari.
  3509 | D:4      | Found a deep blue altar of Sif Muna.
  3541 | D:4      | Found a shadowy altar of Dithmenos.
  3569 | D:4      | Reached XP level 6. HP: 48/48 MP: 2/9
  3582 | D:4      | Reached skill level 1 in Charms
  3713 | D:4      | Found a glowing golden altar of the Shining One.
  4112 | D:4      | Learned a level 4 spell: Condensation Shield
  4242 | D:3      | Found a radiant altar of Vehumet.
  4272 | D:3      | Noticed Hanyuu's ghost (weakling OpTm)
  4310 | D:3      | Killed Hanyuu's ghost
  4704 | D:4      | Your scales start taking on a golden yellow colour.
  4704 | D:4      | Reached XP level 7. HP: 47/56 MP: 3/10
  5151 | D:4      | Became a worshipper of Sif Muna the Loreminder
  5968 | D:4      | Reached skill level 1 in Maces & Flails
  6255 | D:4      | Reached skill level 6 in Ice Magic
  7018 | D:5      | Entered Level 5 of the Dungeon
  7060 | D:5      | Reached XP level 8. HP: 54/63 MP: 5/12
  7187 | D:5      | Acquired Sif Muna's first power
  7455 | D:5      | Noticed quik's ghost (average CeHu)
  7481 | D:5      | Killed quik's ghost
  7517 | D:5      | Found an iron altar of Okawaru.
  8784 | D:6      | Noticed Dowan
  8788 | D:6      | Killed Dowan
  8813 | D:6      | Learned a level 4 spell: Throw Icicle
  9158 | D:6      | Reached XP level 9. HP: 57/71 MP: 5/14
  9187 | D:6      | Acquired Sif Muna's second power
  9419 | D:6      | Found an iron altar of Okawaru.
  9668 | D:6      | Noticed Pikel
  9727 | D:6      | Killed Pikel
  9944 | D:7      | Found Gozag's Platinum Reserve.
  9951 | D:7      | Found a staircase to the Ecumenical Temple.
  9953 | D:7      | Found an opulent altar of Gozag.
  9972 | D:7      | Reached skill level 5 in Fighting
 10055 | D:7      | Reached skill level 5 in Maces & Flails
 10055 | D:7      | Reached skill level 5 in Dodging
 10319 | D:7      | Found an iron altar of Okawaru.
 10418 | D:7      | Learned a level 2 spell: Blink
 10652 | D:7      | Reached skill level 1 in Translocations
 10772 | D:7      | Found an ancient bone altar of Kikubaaqudgha.
 11135 | D:8      | Reached XP level 10. HP: 68/83 MP: 12/17
 11166 | D:8      | Reached skill level 5 in Spellcasting
 11403 | D:8      | Learned a level 3 spell: Mephitic Cloud
 11909 | D:8      | Found a white marble altar of Elyvilon.
 11976 | D:8      | Reached skill level 7 in Maces & Flails
 12367 | D:8      | Reached skill level 1 in Poison Magic
 12864 | D:8      | Noticed a three-headed hydra
 12880 | D:8      | Killed a three-headed hydra
 12880 | D:8      | Reached skill level 5 in Conjurations
 12880 | D:8      | Reached skill level 1 in Invocations
 13139 | D:9      | Found a basalt altar of Yredelemnul.
 13220 | D:9      | Noticed a centaur warrior
 13220 | D:9      | Noticed a skeletal warrior
 13220 | D:9      | Noticed a centaur warrior
 13516 | D:9      | Noticed a centaur warrior
 13556 | D:9      | Noticed a centaur warrior
 13574 | D:9      | HP: 4/84 [skeletal warrior/hand axe (1)]
 13575 | D:9      | Slain by a skeletal warrior

Action                   |  1- 3 |  4- 6 |  7- 9 | 10-12 || total
-------------------------+-------+-------+-------+-------++-------
Melee: Unarmed           |    25 |       |       |       ||    25
       Dagger            |    10 |    44 |       |       ||    54
       Mace              |       |    94 |    72 |       ||   166
       Morningstar       |       |       |   339 |   188 ||   527
Throw: Javelin           |       |       |     5 |       ||     5
 Cast: Freeze            |    36 |    93 |   169 |    49 ||   347
       Throw Frost       |     1 |    24 |    73 |    26 ||   124
       Ozocubu's Armour  |       |     5 |    16 |    11 ||    32
       Condensation Shie |       |       |    12 |     9 ||    21
       Throw Icicle      |       |       |     1 |    10 ||    11
       Mephitic Cloud    |       |       |       |     1 ||     1
Invok: Channel Energy    |       |       |     1 |    12 ||    13
 Abil: Spit Acid         |       |       |     2 |       ||     2
Evoke: Wand              |       |       |       |     1 ||     1
  Use: Scroll            |       |     9 |    11 |     4 ||    24
       Potion            |       |       |     1 |     1 ||     2
 Stab: Distracted        |       |       |     1 |     1 ||     2
       Sleeping          |       |       |     1 |     1 ||     2
  Eat: Chunk             |     3 |     8 |    24 |     9 ||    44
       Meat ration       |       |     1 |       |     1 ||     2
       Beef jerky        |       |       |     2 |       ||     2
       Pizza             |       |       |     1 |     1 ||     2
       Royal jelly       |       |       |     1 |       ||     1
